 Dungeon Crawl Stone Soup version 0.30-a0-793-g160f7cfddd (webtiles) character file.

Game seed: 10311604516749995089

836 timneilson the Shield-Bearer (level 7, -3/44 HPs)
             Began as a Gargoyle Fighter on Feb 19, 2023.
             Splashed by a jelly's acid (7 damage)
             ... on level 5 of the Dungeon.
             The game lasted 00:07:53 (4178 turns).

timneilson the Shield-Bearer (Gargoyle Fighter)     Turns: 4178, Time: 00:07:54

Health: -3/44      AC:  0    Str: 20    XL:     7   Next: 99%
Magic:  7/7        EV: 13    Int:  8    God:
Gold:   156        SH:  5    Dex: 11    Spells: 6/6 levels left

rFire   + . .      SeeInvis .    a - +0 long sword
rCold   . . .      Faith    .    c - +0 buckler
rNeg    + . .      Spirit   .    j - +0 chain mail
rPois   ∞          Reflect  .    f - +0 helmet
rElec   +          Harm     .    (no cloak)
rCorr   .          Rampage  .    l - +2 pair of gloves
Will    .....                    x - +0 pair of boots Stlth
                                 (no amulet)
HPRegen 0.27/turn                p - +5 ring of evasion
MPRegen 0.10/turn                v - ring of protection from fire

@: corroded
A: sickness immunity, AC +4, negative energy resistance 1, electricity
resistance, torment resistance 1, petrification resistance
a: no special abilities


You were on level 5 of the Dungeon.
You visited 1 branch of the dungeon, and saw 5 of its levels.

You collected 156 gold pieces.

Inventory:

Hand Weapons
 a - a +0 long sword (weapon)
Armour
 c - a +0 buckler (worn)
 f - a +0 helmet (worn)
 j - a +0 chain mail (worn)
 l - a +2 pair of gloves (worn)
 t - a +0 plate armour
 x - a +0 pair of boots (worn)
Jewellery
 p - a +5 ring of evasion (left hand)
 v - a ring of protection from fire (right hand)
Wands
 e - a wand of polymorph (11)
 n - a wand of flame (6)
 o - a wand of digging (4)
Scrolls
 g - 2 scrolls of magic mapping
 k - a scroll of fear
 s - a scroll of teleportation
Potions
 b - 2 potions of curing
 d - 2 potions of might
 h - a potion of lignification
 i - a potion of haste
 m - a potion of mutation
 r - 2 potions of flight


   Skills:
 + Level 4.5 Fighting
 * Level 4.2 Long Blades
 * Level 5.5 Armour
 + Level 2.2 Dodging
 * Level 5.8 Shields
 + Level 1.1 Evocations


You had 6 spell levels left.
You didn't know any spells.
Your spell library contained the following spells:

 Spells                   Type           Power      Damage    Failure   Level
 Apportation              Tloc           0%         N/A       99%         1
 Freeze                   Ice            0%         1d3       99%         1
 Necrotise                Necr           0%         1d4       99%         1
 Summon Small Mammal      Summ           0%         N/A       99%         1
 Frozen Ramparts          Ice            0%         1d1       100%        3
 Hailstorm                Conj/Ice       0%         3d3       100%        3
 Vhi's Electric Charge    Tloc/Air       0%         N/A       100%        3
 Arcjolt                  Conj/Air       0%         1d10      100%        5
 Maxwell's Capacitive Co  Air            0%         ∞         100%        8


Dungeon Overview and Level Annotations

Branches:
Dungeon (5/15)
 Temple: D:4-7

Altars:
Ashenzari
Wu Jian


Innate Abilities, Weirdness & Mutations

You are immune to sickness and miasma.
Your stone body is resilient. (AC +4)
You are immune to poison.
You resist negative energy. (rN+)
You are resistant to electric shocks. (rElec)
You are resistant to unholy torment.
You are immune to petrification.


Message History

You block the jelly's attack.
You hit the jelly but do no damage. The acid corrodes you!
Your hands burn!
The jelly is moderately wounded.
The jelly hits you.
You are splashed with acid!
The jelly hits you but does no damage.
You hit the jelly but do no damage. The acid corrodes you!
Your hands burn!
The jelly is moderately wounded.
The jelly barely misses you.
You hit the jelly but do no damage.
Your hands burn!
* * * LOW HITPOINT WARNING * * *
The jelly is moderately wounded.
The jelly hits you but does no damage.
You hit the jelly. The acid corrodes you!
Your hands burn!
* * * LOW HITPOINT WARNING * * *
The jelly is heavily wounded.
The jelly hits you.
* * * LOW HITPOINT WARNING * * *
The acid corrodes you!
You are splashed with acid!
* * * LOW HITPOINT WARNING * * *
You feel much better. The jelly hits you but does no damage.
You hit the jelly. The acid corrodes you!
Your hands burn!
The jelly is severely wounded.
The jelly hits you but does no damage. The jelly hits you.
You are splashed with acid!
* * * LOW HITPOINT WARNING * * *
You hit the jelly but do no damage. The acid corrodes you!
Your hands burn!
* * * LOW HITPOINT WARNING * * *
The jelly is severely wounded.
You block the jelly's attack.
You hit the jelly but do no damage.
Your hands burn!
* * * LOW HITPOINT WARNING * * *
The jelly is severely wounded.
The jelly closely misses you.
You hit the jelly but do no damage.
Your hands burn!
* * * LOW HITPOINT WARNING * * *
The jelly is severely wounded.
The jelly hits you.
* * * LOW HITPOINT WARNING * * *
You are splashed with acid!
You die...

. ... ._...######
.....'J@..#
.....###.## #.. #.#
# #.# #.# #.# #.#
#################.#
#............†....#


You could see a jelly.

Vanquished Creatures
  Grinder (D:3)
  An ogre (D:4)
  3 scorpions
  Ijyb (D:3)
  2 iguanas (D:5)
  An orc wizard (D:5)
  Robin (D:3)
  5 adders
  12 gnolls
  A white imp (D:5)
  3 dart slugs
  12 orcs
  2 bats (D:1)
  5 endoplasms
  3 giant cockroaches
  16 goblins
  6 hobgoblins
  4 jackals (D:4)
  3 quokkas
  5 ball pythons
  7 kobolds
  2 rats (D:1)
96 creatures vanquished.

Notes
Turn   | Place    | Note
-------+----------+-------------------------------------------
     0 | D:1      | timneilson the Gargoyle Fighter began the quest for the
                  | Orb.
     0 | D:1      | Reached XP level 1. HP: 14/14 MP: 1/1
    62 | D:1      | Reached XP level 2. HP: 6/19 MP: 2/2
   405 | D:1      | Reached XP level 3. HP: 22/23 MP: 3/3
   957 | D:1      | Reached XP level 4. HP: 24/28 MP: 4/4
  1044 | D:2      | Noticed a scorpion
  1052 | D:2      | Killed a scorpion
  1053 | D:2      | Reached skill level 1 in Dodging
  1053 | D:2      | Reached XP level 5. HP: 33/33 MP: 5/5
  1916 | D:3      | Noticed Robin
  2037 | D:3      | Killed Robin
  2199 | D:3      | Found a faded altar of an unknown god.
  2286 | D:3      | Noticed Grinder
  2291 | D:3      | Paralysed by Grinder for 4 turns
  2304 | D:3      | Paralysed by Grinder for 4 turns
  2311 | D:3      | Paralysed by Grinder for 4 turns
  2326 | D:3      | Killed Grinder
  2327 | D:3      | Reached skill level 5 in Shields
  2327 | D:3      | Reached XP level 6. HP: 22/38 MP: 6/6
  2453 | D:3      | Noticed Ijyb
  2458 | D:3      | Paralysed by a kobold for 4 turns
  2528 | D:3      | Killed Ijyb
  2535 | D:3      | Reached skill level 5 in Armour
  2827 | D:4      | You fall into a shaft and drop 1 floor!
  2827 | D:5      | Entered Level 5 of the Dungeon
  2873 | D:5      | Reached XP level 7. HP: 40/43 MP: 7/7
  3481 | D:4      | Found a broken altar of Ashenzari.
  3735 | D:4      | Reached skill level 1 in Evocations
  4154 | D:5      | Found an ornate altar of the Wu Jian Council.
  4173 | D:5      | HP: 2/44 [acid (8)]
  4178 | D:5      | Splashed by a jelly's acid

Illustrated notes

Levels and vault maps discovered:
D:1:      dpeg_arrival_arbitrary_c, layout_basic, minmay_misc_feat_tiny,
          nicolae_figureground_pulse
D:2:      layout_basic
D:3:      layout_rooms, hellmonk_ecumenical_altar_inner_sanctum, uniq_grinder,
          uniq_ijyb, uniq_robin
D:4:      layout_cave_pods, mainiacjoe_overflow_cross_hatched
D:5:      layout_basic, overflow_temple_1_default, kennysheep_generic_room_9

Skill      XL: |  1  2  3  4  5  6  7 |
---------------+----------------------+-----
Long Blades    | 2 3 4 |  4.2
Armour         | 4 5 |  5.5
Dodging        | 1 2 |  2.2
Shields        | 4 5 |  5.8
Fighting       | 4 |  4.5
Evocations     | 1 |  1.1

Action                     |  1- 3 |  4- 6 |  7- 9 || total
---------------------------+-------+-------+-------++-------
  Melee: Long sword        |   100 |   203 |   235 ||   538
    Use: Scroll            |     3 |     4 |     3 ||    10
         Potion            |       |       |     1 ||     1
 Armour: Scale mail        |    35 |       |       ||    35
         Chain mail        |    15 |   244 |   147 ||   406
  Dodge: Dodged            |    43 |   113 |   151 ||   307
  Block: Buckler           |    24 |    64 |    61 ||   149

Table legend: (Time is in decaauts)
 A = Elapsed time spent in this place.
 B = Non-inter-level travel time spent in this place.
 C = Inter-level travel time spent in this place.
 D = Time resting spent in this place.
 E = Time spent auto-exploring this place.
 F = Levels seen in this place.
 G = Mean time per level.
                   A        B        C        D        E       F      G
               +--------+--------+--------+--------+--------+-----+--------+
         Total |   4328 |   4153 |    175 |    244 |   2585 |   5 |  865.6 |
       Dungeon |   4328 |   4153 |    175 |    244 |   2585 |   5 |  865.6 |
               +--------+--------+--------+--------+--------+-----+--------+

Top non-repeatable levels by time:
     D:2: 1115 daAuts
     D:1: 960 daAuts
     D:4: 859 daAuts
     D:3: 843 daAuts
     D:5: 549 daAuts
